 Dungeon Crawl Stone Soup version 0.28-a0-823-gb444dcf96d (webtiles) character file.

Game seed: 3275470854478806395

236 lunkers the Skirmisher (level 6, -8/48 HPs)
             Began as a Djinni Cinder Acolyte on Nov 9, 2021.
             Was a High Priest of Ignis.
             Mangled by a hornet (11 damage)
             ... on level 4 of the Dungeon.
             The game lasted 00:07:00 (5007 turns).

lunkers the Skirmisher (Djinni Cinder Acolyte)      Turns: 5007, Time: 00:07:01

Health: -8/48      AC:  2    Str: 13    XL:     6   Next: 27%
Gold:   181        EV: 11    Int: 17    God:    Ignis [*****.] SH:  0 Dex:  9

rFire   + + +      SeeInvis .   a - -1 short sword (flame)
rCold   x . .      Faith    .   (no shield)
rNeg    . . .      Spirit   .   b - +0 robe
rPois   ∞          Reflect  .   (no helmet)
rElec   .          Harm     .   (no cloak)
rCorr   .          Rampage  .   (no gloves)
Will    .....                   (boots unavailable)
Stlth   +.........              (no amulet)
HPRegen 0.16/turn               (no ring)
MPRegen 0.00/turn               (no ring)

@: flying, very slightly contaminated
A: sickness immunity, fire resistance 2, cold vulnerability 1, float, innate
caster, hp casting, extra vitality 1
a: Renounce Religion, Sea of Fire, Foxfire Swarm, Rising Flame


You were on level 4 of the Dungeon.
You worshipped Ignis.
Ignis was extremely pleased with you.
You visited 1 branch of the dungeon, and saw 4 of its levels.

You collected 181 gold pieces.

Inventory:

Hand Weapons
 a - a -1 short sword of flaming (weapon)
Armour
 b - a +0 robe (worn)
Scrolls
 c - 2 scrolls of enchant armour {unknown}
 d - 3 scrolls of fog {unknown}
 e - 2 scrolls of teleportation {unknown}
 f - 5 scrolls of identify {unknown}
 k - a scroll of enchant weapon {unknown}
Potions
 g - a potion of brilliance {unknown}
 h - 4 potions of curing {unknown}
 i - a potion of berserk rage {unknown}
 j - a potion of lignification {unknown}
 l - a potion of resistance {unknown}


   Skills:
 + Level 4.4 Fighting
 - Level 2.6 Short Blades
 * Level 4.3 Spellcasting


You had 8 spell levels left.
You knew the following spells:

 Your Spells              Type           Power      Damage    Failure   Level
b - Static Discharge      Conj/Air       18%        N/A       3%          2
o - Summon Small Mammal   Summ           72%        N/A       2%          1
p - Scorch                Fire           36%        2d7       3%          2
Your spell library was empty.

Dungeon Overview and Level Annotations

Branches:
Dungeon (4/15)             Temple (0/1) D:4

Altars:
Xom


Innate Abilities, Weirdness & Mutations

You are immune to sickness and miasma.
You are immune to poison.
Your flesh is very heat resistant. (rF++)
You are vulnerable to cold. (rC-)
You float through the air rather than walking.
You learn spells naturally, not from books.
Your magical power is your life essence.
You have superior vitality. (+4 HP)


Message History

Casting: Scorch (safe; 3% risk of failure)
Press: ? - help, Q - select action, (/) - cycle Dir - look around, f - activate You miscast Scorch.
You are very lightly contaminated with residual magic.
Nothing appears to happen.
The hornet stings you.
Casting: Scorch (safe; 3% risk of failure)
Press: ? - help, Q - select action, (/) - cycle Dir - look around, f - activate Flames lash the hornet.
The hornet is moderately wounded.
The hornet's fire resistance burns away.
The hornet closely misses you. The hornet stings you.
Casting: Scorch (safe; 3% risk of failure)
Press: ? - help, Q - select action, (/) - cycle Dir - look around, f - activate Flames lash the hornet.
The hornet is burned terribly!
The hornet is severely wounded.
The hornet stings you!
* * * LOW HITPOINT WARNING * * *
Casting: Scorch (safe; 3% risk of failure)
Press: ? - help, Q - select action, (/) - cycle Dir - look around, f - activate You miscast Scorch.
Nothing appears to happen.
* * * LOW HITPOINT WARNING * * *
The hornet stings you!
* * * LOW HITPOINT WARNING * * *
The hornet stings you!
* * * LOW HITPOINT WARNING * * *
Unknown command.
Casting: Scorch (safe; 3% risk of failure)
Press: ? - help, Q - select action, (/) - cycle Dir - look around, f - activate Flames lash the hornet but do no damage.
* * * LOW HITPOINT WARNING * * *
The hornet stings you.
* * * LOW HITPOINT WARNING * * *
Casting: Scorch (safe; 3% risk of failure)
Press: ? - help, Q - select action, (/) - cycle Dir - look around, f - activate Flames lash the hornet but do no damage.
* * * LOW HITPOINT WARNING * * *
The hornet is no longer more vulnerable to fire.
The hornet closely misses you. The hornet stings you!
You die...

.....########## .#
<....#........# #.#
.....#........# !.#
#(###.........###.#
...#..#####..###.>##
...................#
....#..###.#.....#
....#............####
......###.####..@...#
......# ### ##+y...#
..##..# #...?#
.###..# #....#
..##..# +....# .##..#
.....# #.. .....#
.....#


You could see a hornet.

Vanquished Creatures
  A phantom (D:4)
  2 orc wizards
  3 gnolls (D:3)
  An adder (D:3)
  A dart slug (D:2)
  3 orcs (D:3)
  6 endoplasms
  3 giant cockroaches (D:3)
  5 goblins
  9 hobgoblins
  6 jackals (D:2)
  2 quokkas (D:1)
  2 ball pythons (D:2)
  5 bats
  2 frilled lizards
  7 kobolds
  7 rats
65 creatures vanquished.

Notes
Turn   | Place    | Note
-------+----------+-------------------------------------------
     0 | D:1      | lunkers the Djinni Cinder Acolyte began the quest for the
                  | Orb.
     0 | D:1      | Reached XP level 1. HP: 20/20 MP: 0/0
   284 | D:1      | Reached XP level 2. HP: 9/25 MP: 0/0
  1329 | D:1      | Reached XP level 3. HP: 28/30 MP: 0/0
  1329 | D:1      | Learned a level 1 spell: Summon Small Mammal
  3023 | D:3      | Reached XP level 4. HP: 31/35 MP: 0/0
  3483 | D:2      | Reached XP level 5. HP: 30/41 MP: 0/0
  3483 | D:2      | Learned a level 2 spell: Static Discharge
  4357 | D:3      | Found a faded altar of an unknown god.
  4715 | D:3      | Found a shimmering altar of Xom.
  4834 | D:4      | Found a staircase to the Ecumenical Temple.
  4871 | D:4      | Noticed a phantom
  4876 | D:4      | Killed a phantom
  4877 | D:4      | Reached XP level 6. HP: 42/48 MP: 0/0
  4998 | D:4      | Noticed a hornet
  5007 | D:4      | Mangled by a hornet

Illustrated notes

Levels and vault maps discovered:
D:1:      erik_arrival_cave_to_civilisation [erik_arrival_cave_to_hall],
          layout_loops_ring
D:2:      layout_loops_cross
D:3:      layout_loops_ring, mainiacjoe_overflow_alcove_2,
          shapermc_ecumenical_altar_acropolis
D:4:      layout_rooms, temple_statues, gup_sewer_entry_bowl,
          serial_bayou_lagoon_b

Skill      XL: |  1  2  3  4  5 |
---------------+----------------+-----
Spellcasting   | 3 4 |  4.3
Fighting       | 4 |  4.4
Short Blades   | |  2.6

Action                   |  1- 3 |  4- 6 || total
-------------------------+-------+-------++-------
Melee: Short sword       |    25 |     1 ||    26
 Cast: Scorch            |    59 |    44 ||   103
       Static Discharge  |       |     8 ||     8
Armor: Robe              |     6 |     6 ||    12
Dodge: Dodged            |    26 |    19 ||    45

Table legend: (Time is in decaauts)
 A = Elapsed time spent in this place.
 B = Non-inter-level travel time spent in this place.
 C = Inter-level travel time spent in this place.
 D = Time resting spent in this place.
 E = Time spent auto-exploring this place.
 F = Levels seen in this place.
 G = Mean time per level.
                   A        B        C        D        E       F      G
               +--------+--------+--------+--------+--------+-----+--------+
         Total |   5009 |   4945 |     64 |    790 |   3751 |   4 | 1252.2 |
       Dungeon |   5009 |   4945 |     64 |    790 |   3751 |   4 | 1252.2 |
               +--------+--------+--------+--------+--------+-----+--------+

Top non-repeatable levels by time:
     D:1: 1875 daAuts
     D:2: 1696 daAuts
     D:3: 1264 daAuts
     D:4: 172 daAuts
